 Dungeon Crawl Stone Soup version 0.19.1-1-g22dce08 (webtiles) character file.

8448 Gargoyl the Protected (level 11, 0/92 HPs)
             Began as a Ghoul Abyssal Knight on Dec 31, 2016.
             Was the Champion of Lugonu.
             Slain by a troll (14 damage)
             ... on level 10 of the Dungeon.
             The game lasted 00:22:37 (8756 turns).

Gargoyl the Protected (Ghoul Abyssal Knight)        Turns: 8756, Time: 00:22:38

Health: 0/92       AC: 21    Str: 18    XL:     11   Next: 31%
Magic:  16/16      EV:  6    Int:  7    God:    Lugonu [******]
Gold:   261        SH:  8    Dex: 10    Spells: 0 memorised, 10 levels left

rFire  . . .     SeeInvis .     I - +0 hand axe (elec)
rCold  + + .     Gourm    .     b - +4 chain mail {rC+}
rNeg   + + +     Faith    +     A - +0 shield
rPois  ∞         Spirit   .     v - +0 helmet
rElec  .         Reflect  .     (no cloak)
rCorr  .         Harm     .     i - +0 pair of gloves "Hisen" {Stlth+}
MR     +....                    g - +2 pair of boots
Stlth  ..........               E - amulet of faith
                                l - +5 ring of slaying
                                y - ring of protection from magic

@: rotting
A: rotting body, claws 1, carnivore 3, cold resistance 1, negative energy
resistance 3, slow regeneration 1, torment resistance, unbreathing
a: Depart the Abyss, Bend Space, Banish, Corrupt, Enter the Abyss, Brand Weapon
With Distortion, Renounce Religion


You were on level 10 of the Dungeon.
You worshipped Lugonu.
Lugonu was exalted by your worship.
You were not hungry.

You visited 1 branch of the dungeon, and saw 10 of its levels.
You visited the Abyss 1 time.

You collected 573 gold pieces.
You spent 312 gold pieces at shops.

Inventory:

Hand Weapons
 a - a +1 hand axe
 n - a +2 whip of electrocution
 I - a +0 hand axe of electrocution (weapon)
 K - a +2 trident of protection
Missiles
 u - 7 tomahawks (quivered)
Armour
 b - a +4 chain mail of cold resistance (worn)
 g - a +2 pair of boots (worn)
 i - the +0 pair of gloves "Hisen" (worn) {Stlth+}
   (You found it on level 3 of the Abyss)

   It makes you more stealthy.
 v - a +0 helmet (worn)
 A - a +0 shield (worn)
Jewellery
 l - a +5 ring of slaying (right hand)
 y - a ring of protection from magic (left hand)
 D - an uncursed ring of protection from fire {unknown}
 E - an amulet of faith (around neck)
 M - an uncursed ring of positive energy {unknown}
 Q - an uncursed ring of protection from magic
Wands
 h - a wand of acid (3/15)
 m - a wand of confusion (12/48)
 s - a wand of disintegration (13/24)
 B - a wand of paralysis (13/24)
 G - a wand of slowing (22/48)
 N - a wand of acid (6/15)
 R - a wand of random effects (32/48)
 S - a wand of iceblast (1/15)
Scrolls
 r - a scroll of fog
 w - 5 scrolls of teleportation
Potions
 d - 2 potions of might {unknown}
 e - a potion of experience {unknown}
 j - 2 potions of curing
 k - a potion of heal wounds {unknown}
 o - 3 potions of berserk rage {unknown}
 t - 3 potions of flight {unknown}
 x - a potion of magic
 z - 2 potions of agility {unknown}
 C - a potion of invisibility {unknown}
 F - 4 potions of brilliance {unknown}
 J - a potion of cancellation {unknown}
Books
 H - a book of Air

   Spells                             Type                      Level
   a - Shock                          Conjuration/Air              1
   b - Swiftness                      Charms/Air                   2
   c - Repel Missiles                 Charms/Air                   2
   d - Static Discharge               Conjuration/Air              3
   e - Lightning Bolt                 Conjuration/Air              5
 L - a book of Geomancy

   Spells                             Type                      Level
   a - Sandblast                      Earth                        1
   b - Passwall                       Transmutation/Earth          2
   c - Stone Arrow                    Conjuration/Earth            3
   d - Petrify                        Transmutation/Earth          4
   e - Lee's Rapid Deconstruction     Earth                        5
 P - a book of Fire

   Spells                             Type                      Level
   a - Ignite Poison                  Fire/Transmutation/Poison    3
   b - Fireball                       Conjuration/Fire             5
   c - Bolt of Fire                   Conjuration/Fire             6
   d - Delayed Fireball               Conjuration/Fire             7
   e - Ring of Flames                 Charms/Fire                  7
Comestibles
 c - 10 meat rations
 f - 4 slices of pizza
 p - 3 beef jerkies
 q - 13 royal jellies
 O - 5 chunks of flesh


   Skills:
 + Level 7.3 Fighting
 + Level 6.8(7.8) Axes
 + Level 5.9(7.4) Maces & Flails
 * Level 9.0 Armour
 + Level 3.1 Dodging
 + Level 3.0 Shields
 * Level 8.2 Invocations


You had 10 spell levels left.
You didn't know any spells.

Dungeon Overview and Level Annotations

Branches:
Dungeon (10/15)            Temple (0/1) D:4             Orc (0/2) D:9
   Lair: D:8-11

Altars:
Kikubaaqudgha

Shops:
D:6 *


Innate Abilities, Weirdness & Mutations

Your body is rotting away.
You thrive on raw meat.
You are immune to poison.
You have sharp fingernails.
You are carnivorous and can eat meat at any time.
Your flesh is cold resistant. (rC+)
You are immune to negative energy. (rN+++)
You regenerate slowly when monsters are visible.
You are immune to unholy pain and torment.
You can survive without breathing.


Message History

* * * LOW HITPOINT WARNING * * *
You closely miss the centaur.
The centaur is almost dead.
You block the centaur's attack.
You feel better.
The centaur hits you but does no damage.
You block the centaur's attack.
You hit the centaur.
You kill the centaur!
Lugonu accepts your kill.
You slash the troll!
The troll is moderately wounded.
The troll barely misses you. You block the troll's attack. x2
You closely miss the troll.
The troll is moderately wounded.
The troll bites you but does no damage.
The troll claws you but does no damage. x2
You hit the troll but do no damage.
The troll is moderately wounded.
The troll bites you!
You die...

......††Y...'..#.........#..#....
.....†......#..#.........#..#....
....).......#..#.........#..#....
.######?....#.Y#.........##'#....
#.....#.T#...÷#####........
#.....#..#....#...#........
#....#.....#..#....#...#........
##....#.....#cY#....#...#........
......#.....#..#@...#...'........
......#.....#.YT....#...#........
##....#.....#..#....#...#####....
##....#.....#..#....##'###..#####
......#.....#..#....#...##...#
......'.....#..#....#...###'##
......#.....#..#....#...#....#
##....#.....#..#....#...#....#
##....#.)...#..#....#...#....####


You could see a yak and a troll.

Vanquished Creatures
  A two-headed ogre (D:10)
  2 hippogriffs (D:7)
  Prince Ribbit (D:5)
  15 yaks
  A wyvern (D:8)
  Menkaure (D:6)
  Edmund (D:4)
  A warg (D:9)
  Duvessa (D:7)
  A water moccasin (D:6)
  5 orc warriors
  2 phantoms
  3 sky beasts
  3 ice beasts
  7 ogres
  5 centaurs
  3 big kobolds
  5 bullfrogs
  Dowan (D:7)
  3 scorpions
  3 howler monkeys
  4 crimson imps
  A bullfrog zombie (D:8)
  A quasit (D:9)
  4 jellies (D:8)
  4 orc priests
  A bullfrog skeleton (D:8)
  8 hounds
  An iguana (D:4)
  Natasha (thrice) (D:4)
  14 orc wizards
  3 hell rats (D:5)
  9 worker ants
  A hound zombie (D:6)
  A worker ant zombie (D:5)
  4 gnolls (D:7)
  3 river rats (D:5)
  12 adders
  6 oozes
  2 adder skeletons
  A worm (D:2)
  A dart slug (D:2)
  3 leopard geckos
  31 orcs
  5 bats
  6 giant cockroaches
  10 goblins
  10 hobgoblins
  11 jackals
  28 kobolds
  4 quokkas
  2 ball pythons
  3 frilled lizards (D:2)
  A jackal skeleton (D:8)
  A quokka skeleton (D:8)
  50 rats
314 creatures vanquished.

Notes
Turn   | Place    | Note
-------+----------+-------------------------------------------
     0 | Abyss:1  | Gargoyl the Ghoul Abyssal Knight began the quest for the Orb.
     0 | Abyss:1  | Reached XP level 1. HP: 19/19 MP: 1/1
    33 | Abyss:2  | Noticed a large abomination
    78 | Abyss:3  | Got a pair of dazzling gloves
    84 | Abyss:3  | Identified the +0 pair of gloves "Hisen" {Stlth+} (You found it on level 3 of the Abyss)
   101 | Abyss:3  | Noticed an orb spider
   126 | Abyss:3  | Noticed a starcursed mass
   130 | Abyss:3  | Noticed a snapping turtle zombie
   131 | D:1      | Escaped the Abyss
   444 | D:1      | Reached XP level 2. HP: 16/24 MP: 2/2
   449 | D:1      | Reached * piety under Lugonu
   482 | D:1      | Reached skill level 2 in Armour
   517 | D:1      | Reached skill level 1 in Dodging
   637 | D:1      | Reached XP level 3. HP: 29/31 MP: 4/4
  1469 | D:2      | Reached ** piety under Lugonu
  1580 | D:2      | Reached XP level 4. HP: 40/40 MP: 5/5
  2195 | D:3      | Reached skill level 1 in Maces & Flails
  2484 | D:4      | Reached XP level 5. HP: 46/46 MP: 6/6
  2537 | D:4      | Found a staircase to the Ecumenical Temple.
  2829 | D:4      | Reached skill level 3 in Armour
  2838 | D:4      | Noticed an ogre
  2844 | D:4      | Killed an ogre
  2844 | D:4      | Reached XP level 6. HP: 28/52 MP: 7/7
  2956 | D:4      | Noticed Edmund
  2975 | D:4      | Killed Edmund
  3015 | D:4      | Reached XP level 7. HP: 41/60 MP: 7/9
  3038 | D:4      | Reached skill level 4 in Armour
  3354 | D:4      | Noticed Natasha
  3362 | D:4      | Killed Natasha
  3489 | D:4      | Noticed Natasha
  3497 | D:4      | Killed Natasha
  3586 | D:4      | Reached *** piety under Lugonu
  3650 | D:4      | Noticed Natasha
  3662 | D:4      | Killed Natasha
  3851 | D:5      | Entered Level 5 of the Dungeon
  3866 | D:5      | Reached skill level 5 in Armour
  3866 | D:5      | Reached XP level 8. HP: 54/67 MP: 10/10
  3889 | D:5      | Found an ancient bone altar of Kikubaaqudgha.
  3933 | D:5      | Noticed Prince Ribbit
  3946 | D:5      | Killed Prince Ribbit
  3946 | D:5      | Reached skill level 5 in Invocations
  4289 | D:5      | Reached skill level 5 in Fighting
  4294 | D:5      | Reached skill level 6 in Armour
  4374 | D:5      | Reached **** piety under Lugonu
  4646 | D:5      | Reached XP level 9. HP: 72/74 MP: 12/12
  4895 | D:6      | Noticed Menkaure
  4902 | D:6      | Killed Menkaure
  4902 | D:6      | Reached skill level 5 in Maces & Flails
  5544 | D:6      | Found Ariulum's Assorted Antiques.
  5547 | D:6      | Bought a scroll of teleportation for 78 gold pieces
  5547 | D:6      | Bought a runed hand axe for 234 gold pieces
  5614 | D:6      | Reached skill level 7 in Armour
  5941 | D:7      | Reached XP level 10. HP: 43/83 MP: 13/13
  5942 | D:7      | Reached skill level 1 in Shields
  5966 | D:7      | HP: 1/83 [yak (9)]
  6214 | D:7      | Noticed Dowan
  6217 | D:7      | Noticed Duvessa
  6230 | D:7      | Killed Dowan
  6230 | D:7      | Killed Duvessa
  6230 | D:7      | Reached ***** piety under Lugonu
  6553 | D:8      | Reached skill level 8 in Armour
  6575 | D:8      | Reached skill level 5 in Axes
  7576 | D:9      | Found a staircase to the Orcish Mines.
  8183 | D:9      | Reached XP level 11. HP: 84/91 MP: 15/15
  8342 | D:10     | Entered Level 10 of the Dungeon
  8345 | D:10     | Reached ****** piety under Lugonu
  8740 | D:10     | Reached skill level 9 in Armour
  8756 | D:10     | Slain by a troll

Skill      XL: |  1  2  3  4  5  6  7  8  9 10 11 |
---------------+----------------------------------+-----
Armour         | 2 3 5 6 7 8 9 |  9.0
Dodging        | 1 2 3 |  3.1
Axes           | 2 3 6 |  6.8
Invocations    | 3 4 5 6 7 8 |  8.2
Maces & Flails | 1 2 3 4 5 |  5.9
Fighting       | 4 5 6 7 |  7.3
Shields        | 2 3 |  3.0

Action                   |  1- 3 |  4- 6 |  7- 9 | 10-12 || total
-------------------------+-------+-------+-------+-------++-------
Melee: Hand axe          |    81 |       |    54 |   301 ||   436
       Whip              |    46 |   135 |   291 |       ||   472
Invok: Depart the Abyss  |     1 |       |       |       ||     1
       Bend Space        |       |       |       |     1 ||     1
  Use: Scroll            |     6 |     3 |    10 |     4 ||    23
       Potion            |       |       |       |     3 ||     3
 Stab: Distracted        |     1 |       |       |       ||     1
       Sleeping          |     3 |     1 |       |       ||     4
  Eat: Chunk             |    26 |    23 |    50 |    55 ||   154
       Meat ration       |       |     1 |     1 |     1 ||     3
Armor: Leather armour    |    61 |     8 |       |       ||    69
       Scale mail        |       |    56 |       |       ||    56
       Ring mail         |       |     9 |       |       ||     9
       Chain mail        |       |    65 |   249 |   207 ||   521
Dodge: Dodged            |   123 |    91 |   112 |    80 ||   406
Block: Shield            |       |       |    31 |   135 ||   166
